[Event "African Championship"]
[Site "followchess.com"]
[Date "2021.05.27"]
[Round "9"]
[White "Paiva, Donaldo"]
[Black "Oragwu, Chukwunonso"]
[Result "1/2-1/2"]
[ECO "A10"]
[WhiteElo "2230"]
[BlackElo "2241"]
[PlyCount "90"]
[EventDate "2021.??.??"]
[TimeControl "7200+30"]
[WhiteClock "0:26:53"]
[BlackClock "0:47:51"]

1. c4 g6 2. g3 Bg7 3. Bg2 Nc6 4. Nc3 d6 5. e4 Nf6 6. Nge2 O-O 7. O-O e5 8. h3 a6 9. d3 Rb8 10. a4 a5 11. Be3 Nb4 12. d4 Nd7 13. Kh2 c6 14. Qd2 Qe7 15. Rad1 Re8 16. Nc1 Nf8 17. Nb3 b6 18. Nc1 Ba6 19. b3 Red8 20. N1e2 Ne6 21. Rb1 Nc7 22. Rfd1 d5 23. cxd5 cxd5 24. exd5 Bxe2 25. Qxe2 Ncxd5 26. Nxd5 Nxd5 27. Bxd5 Rxd5 28. dxe5 Rxe5 29. Qd3 Re6 30. Qb5 h5 31. h4 Be5 32. Kg2 Re8 33. Bg5 Qb7+ 34. Qd5 Qb8 35.
Rd3 Rd6 36. Qf3 Rxd3 37. Qxd3 Qb7+ 38. Qf3 Qxf3+ 39. Kxf3 Bd4 40. Rd1 Bc5 41. Bf6 Kf8 42. Rd7 Re6 43. Rd8+ Re8 44. Bg7+ Ke7 45. Bf6+ Kf8 {[%emt 0:00:00] -error} 1/2-1/2

[Event "African Championship"]
[Site "followchess.com"]
[Date "2021.05.27"]
[Round "9"]
[White "Wageih, Kareim"]
[Black "Mhango, Banele"]
[Result "1/2-1/2"]
[ECO "A48"]
[WhiteElo "2425"]
[BlackElo "2117"]
[PlyCount "271"]
[EventDate "2021.??.??"]
[TimeControl "7200+30"]
[WhiteClock "0:36:27"]
[BlackClock "0:16:44"]

1. d4 Nf6 2. Nf3 g6 3. Nbd2 d5 4. e3 Bg7 5. b4 O-O 6. c4 c6 7. Bb2 a5 8. b5 a4 9. Ba3 Re8 10. Be2 Nbd7 11. cxd5 cxd5 12. O-O e5 13. Nxe5 Nxe5 14. dxe5 Rxe5 15. Nf3 Re8 16. Nd4 Ne4 17. Rc1 Be5 18. Qd3 h5 19. f4 Bg7 20. Bf3 Qb6 21. Rc2 Bd7 22. Rfc1 Bxd4 23. Qxd4 Qxd4 24. exd4 Bxb5 25. Rc7 Bc6 26. f5 Nd2 27. Kf2 Ne4+ 28.
Kg1 Nd2 29. Kf2 Nc4 30. Rxc4 dxc4 31. d5 Bb5 32. fxg6 fxg6 33. d6 Bc6 34. d7 Red8 35. Bxc6 bxc6 36. Be7 Kf7 37. Bxd8 Rxd8 38. Ke3 Ke6 39. Rxc6+ Kd5 40. Rc7 a3 41. h4 Ke5 42. Kd2 Ke6 43. Kc3 Ke7 44. Kxc4 Rf8 45. Kb3 Rf4 46. g3 Rg4 47. Rc3 Kxd7 48. Kxa3 g5 49. hxg5 Rxg5 50. Kb4 Rg4+ 51. Kb5 h4 52. gxh4 Rxh4 53. a4 Rh8 54. Kb6 Rb8+ 55. Ka7 Rc8 56. Rh3 Rc7+ 57. Kb6 Rc6+ 58. Kb5 Rg6 59. Rc3 Rg8 60. a5 Rc8 61. Rh3 Kc7 62. a6 Kb8 63. Kb6 Rg8 64. Rh6 Ka8 65. Rf6 Rb8+ 66. Kc7 Ka7 67.
Rf7 Rb6 68. Rf1 Rxa6 69. Rb1 Ra2 70. Rc1 Ka6 71. Rc5 Rb2 72.
Rc6+ Ka5 73. Rc3 Kb4 74. Rc6 Rb3 75. Kb6 Rh3 76. Rg6 Rh4 77.
Kc6 Rc4+ 78. Kd5 Rc5+ 79. Kd4 Rc4+ 80. Kd3 Rc3+ 81. Kd2 Rc5 82. Rg8 Rd5+ 83. Kc2 Rc5+ 84. Kb2 Rb5 85. Rg4+ Ka5+ 86. Kc3 Rh5 87. Kc4 Rb5 88. Rg8 Rb4+ 89. Kc3 Rb6 90. Kc4 Rc6+ 91. Kd5 Ra6 92. Kc5 Ra7 93. Rc8 Ka4 94. Kc4 Ka5 95. Kc3 Kb6 96. Kb4 Rg7 97. Rc4 Rg5 98. Rh4 Rg6 99. Kc4 Rc6+ 100. Kd5 Rc5+ 101. Kd6 Rc6+ 102. Kd7 Rc7+ 103. Kd8 Rg7 104. Rh6+ Kc5 105.
Kc8 Kd5 106. Kd8 Kc5 107. Ke8 Ra7 108. Rh5+ Kd6 109. Rh6+ Ke5 110. Kd8 Ra8+ 111. Kc7 Ra7+ 112. Kb6 Re7 113.
Kc5 Rc7+ 114. Kb6 Re7 115. Rh5+ Kf6 116. Kc6 Kg6 117. Rh1 Re6+ 118. Kd5 Rf6 119. Ke5 Rf5+ 120. Ke6 Rf6+ 121.
Ke7 Rf7+ 122. Ke8 Ra7 123. Rg1+ Kf6 124. Rf1+ Ke6 125. Re1+ Kf6 126. Kd8 Kg6 127. Rf1 Rb7 128. Kc8 Rh7 129. Kd8 Ra7 130. Rf2 Kg7 131. Kc8 Kg6 132. Kb8 Rh7 133. Rg2+ Kf6 134.
Rf2+ Kg6 135. Kc8 Ra7 136. Kd8 {[%emt 0:00:05] -error} 1/2-1/2